 Dungeon Crawl Stone Soup version 0.30-a0-174-gbc10bd73c2 (webtiles) character file.

Game seed: 14020911382331161843

261 qw the Chopper (level 6, 0/38 HPs)
             Began as a Gargoyle Fighter on Oct 1, 2022.
             Slain by a scorpion (2 damage)
             ... on level 4 of the Dungeon.
             The game lasted 00:01:11 (2861 turns).

qw the Chopper (Gargoyle Fighter)                   Turns: 2861, Time: 00:01:12

Health: 0/38       AC: 11    Str: 22    XL:     6   Next: 18%
Magic:  6/6        EV: 10    Int:  8    God:
Gold:   172        SH:  4    Dex: 12    Spells: 5/5 levels left

rFire   . . .      SeeInvis .    Y - +1 war axe
rCold   . . .      Faith    .    c - +0 buckler
rNeg    + . .      Spirit   .    a - +1 ring mail of the Jolly Lies {Dex+3}
rPois   inf        Reflect  .    (no helmet)
rElec   +          Harm     .    (no cloak)
rCorr   .          Rampage  .    (no gloves)
Will    .....                    (no boots)
Stlth   +.........               n - amulet of regeneration
HPRegen 1.06/turn                (no ring)
MPRegen 0.10/turn                (no ring)

@: no status effects
A: sickness immunity, AC +4, negative energy resistance 1, electricity
resistance, torment resistance 1, petrification resistance
a: no special abilities


You were on level 4 of the Dungeon.
You visited 1 branch of the dungeon, and saw 4 of its levels.

You collected 172 gold pieces.


Innate Abilities, Weirdness & Mutations

You are immune to sickness and miasma.
Your stone body is resilient. (AC +4)
You are immune to poison.
You resist negative energy. (rN+)
You are resistant to electric shocks. (rElec)
You are resistant to unholy torment.
You are immune to petrification.


   Skills:
 + Level 3.7 Fighting
 - Level 5.2 Axes
 - Level 3.2 Armour
 - Level 1.3 Dodging
 - Level 3.2 Shields


You had 5 spell levels left.
You didn't know any spells.
Your spell library was empty.

Inventory:

Hand Weapons
 b - a +0 whip
 Y - a +1 war axe (weapon)
Armour
 a - the +1 ring mail of the Jolly Lies (worn) {Dex+3}
   (You found it on level 3 of the Dungeon)

   Dex:       It affects your dexterity (+3).
 c - a +0 buckler (worn)
 k - a +0 ring mail of fire resistance
Jewellery
 n - an amulet of regeneration (around neck)
Scrolls
 h - a scroll of identify
 i - a scroll of poison {unknown}
Potions
 d - a potion of might
 e - 4 potions of resistance
 f - 3 potions of curing
 g - a potion of flight {unknown}
 j - a potion of invisibility {unknown}
 m - a potion of haste

Dungeon Overview and Level Annotations

Branches:
Dungeon (4/15)
 Temple: D:4-7

Altars:


Message History

The gnoll hits you with a +0 flail. The gnoll barely misses you.
The gnoll hits you with a +0 club.
The gnoll hits you from afar with a +0 spear.
You hit the gnoll.
The gnoll is severely wounded.
You hit the gnoll. x2
The gnoll hits you with a +0 flail. The gnoll completely misses you.
The gnoll barely misses you. The gnoll hits you but does no damage.
The gnoll hits you from afar with a +0 spear.
The gnoll misses you. The gnoll barely misses you. x2
You closely miss the gnoll.
The gnoll is almost dead.
You slash the gnoll!
You kill the gnoll!
You closely miss the gnoll. You block the gnoll's attack.
The gnoll hits you but does no damage. x2
You closely miss the gnoll.
The gnoll is almost dead.
You hit the scorpion. You slash the gnoll!
You kill the gnoll!
The scorpion stings you but does no damage.
The gnoll barely misses you. The gnoll hits you but does no damage.
The scorpion stings you but does no damage.
You hit the gnoll.
You kill the gnoll!
You barely miss the scorpion.
The gnoll hits you from afar with a +0 spear.
You block the scorpion's attack. The gnoll barely misses you.
You hit the scorpion.
The scorpion is lightly wounded.
The scorpion barely misses you. You block the gnoll's attack.
The scorpion stings you but does no damage.
You hit the scorpion but do no damage.
The scorpion is lightly wounded.
The scorpion completely misses you. The gnoll hits you but does no damage.
You barely miss the scorpion.
The scorpion is lightly wounded.
The scorpion stings you. The gnoll hits you but does no damage.
The scorpion stings you.
You die...

#...## #....### #....###
#...## #
##.....#####..##
###..............##
.^................#
#........##..##....
#..#....###..# #...
#...#..# #..# #..
##@..#..# #..# #..
#s)).#..# #..# #..
gg..!.g........#..# #[#
..#...............# ##.#
..................###...
..#.....................
..........#............#
..........##..........##
.........## #.........##


You could see a scorpion and a gnoll.

Vanquished Creatures
  An ogre (D:4)
  A hound (D:4)
  3 gnolls (D:4)
  4 adders
  2 worms
  A dart slug (D:3)
  An orc (D:3)
  7 bats
  2 endoplasms
  2 giant cockroaches
  10 goblins
  6 hobgoblins
  14 jackals
  3 quokkas
  6 ball pythons
  6 frilled lizards
  3 kobolds
  5 rats (D:2)
77 creatures vanquished.

Notes
Turn   | Place    | Note
-------+----------+-------------------------------------------
     0 | D:1      | qw the Gargoyle Fighter began the quest for the Orb.
     0 | D:1      | Reached XP level 1. HP: 14/14 MP: 1/1
     0 | D:1      | 0 ||| qw: Version: 0.2-a-13-gfc7b4b4
     0 | D:1      | 0 ||| qw: Game counter: 1877
     0 | D:1      | 0 ||| qw: Always use a shield: true
     0 | D:1      | 0 ||| qw: God list: Okawaru
     0 | D:1      | 0 ||| qw: Allow faded altars: false
     0 | D:1      | 0 ||| qw: Do Orc after D:15 true
     0 | D:1      | 0 ||| qw: Do second Lair branch before Depths: true
     0 | D:1      | 0 ||| qw: Lair rune preference: random
     0 | D:1      | 0 ||| qw: Plans: Normal, Zot:1-4, God:TSO, Crypt, Tomb,
                  | Pan, Slime:5, Hells, Abyss, Orb
     0 | D:1      | 0 ||| PLANNING D:1-11
    45 | D:1      | Reached skill level 2 in Axes
   216 | D:1      | Reached XP level 2. HP: 12/19 MP: 2/2
   545 | D:1      | 545 ||| Stepping ~*~*~tactically~*~*~ (stealth).
   546 | D:1      | 546 ||| Stepping ~*~*~tactically~*~*~ (stealth).
   584 | D:1      | 584 ||| Stepping ~*~*~tactically~*~*~ (stealth).
   585 | D:1      | 585 ||| Stepping ~*~*~tactically~*~*~ (stealth).
   604 | D:1      | Reached skill level 3 in Axes
   812 | D:1      | 812 ||| READING scroll labelled ROEMIL KADGHO.
   813 | D:1      | 813 ||| READING 2 scrolls labelled CAANEV EDGHAET.
   814 | D:1      | 814 ||| READING scroll labelled OROFYJ MIUPLUQ.
   815 | D:1      | 815 ||| DRINKING 2 emerald potions.
   831 | D:2      | 831 ||| STAIRDANCE
   836 | D:2      | 836 ||| STAIRDANCE
   839 | D:1      | Reached XP level 3. HP: 21/23 MP: 3/3
   922 | D:2      | Found a faded altar of an unknown god.
  1268 | D:2      | Reached XP level 4. HP: 28/28 MP: 4/4
  1275 | D:2      | 1275 ||| Stepping ~*~*~tactically~*~*~ (stealth).
  1276 | D:2      | 1276 ||| Stepping ~*~*~tactically~*~*~ (stealth).
  1413 | D:2      | 1413 ||| Stepping ~*~*~tactically~*~*~ (stealth).
  1419 | D:2      | Reached skill level 4 in Axes
  1419 | D:2      | 1419 ||| Stepping ~*~*~tactically~*~*~ (stealth).
  1423 | D:2      | 1423 ||| Stepping ~*~*~tactically~*~*~ (stealth).
  1450 | D:2      | 1450 ||| Stepping ~*~*~tactically~*~*~ (stealth).
  1518 | D:2      | 1518 ||| UPGRADING to amulet of regeneration.
  1523 | D:2      | 1523 ||| READING scroll labelled XONGIG HUDEU.
  1524 | D:2      | 1524 ||| READING scroll labelled UKHUAV UROITH.
  1525 | D:2      | 1525 ||| READING scroll labelled FAYZETU QAMIKH.
  1529 | D:2      | 1529 ||| READING 4 scrolls of identify.
  1529 | D:2      | 1529 ||| IDENTIFYING lumpy green potion
  1530 | D:2      | 1530 ||| READING 3 scrolls of identify.
  1530 | D:2      | 1530 ||| IDENTIFYING dark potion
  1531 | D:2      | 1531 ||| READING 2 scrolls of identify.
  1531 | D:2      | 1531 ||| IDENTIFYING sedimented dark potion
  1532 | D:2      | 1532 ||| DROPPING potion of brilliance.
  1533 | D:2      | 1533 ||| DROPPING potion of degeneration.
  1621 | D:3      | 1621 ||| Stepping ~*~*~tactically~*~*~ (hiding).
  1631 | D:3      | 1631 ||| Stepping ~*~*~tactically~*~*~ (hiding).
  1646 | D:3      | 1646 ||| Stepping ~*~*~tactically~*~*~ (stealth).
  1859 | D:3      | Identified the +1 ring mail of the Jolly Lies {Dex+3}
  2124 | D:3      | 2124 ||| Stepping ~*~*~tactically~*~*~ (stealth).
  2125 | D:3      | 2125 ||| Stepping ~*~*~tactically~*~*~ (stealth).
  2341 | D:3      | 2341 ||| UPGRADING to +1 ring mail of the Jolly Lies
                  | {Dex+3}.
  2351 | D:3      | 2351 ||| DROPPING +0 scale mail.
  2352 | D:3      | 2352 ||| DRINKING 2 coppery potions.
  2394 | D:4      | 2394 ||| DROPPING +0 club.
  2413 | D:4      | Reached XP level 5. HP: 32/32 MP: 5/5
  2446 | D:4      | Reached skill level 1 in Dodging
  2594 | D:4      | Noticed an ogre
  2601 | D:4      | HP: 7/32 [ogre/+0 giant spiked club (11)]
  2604 | D:4      | Killed an ogre
  2605 | D:4      | Reached skill level 5 in Axes
  2605 | D:4      | Reached XP level 6. HP: 13/37 MP: 6/6
  2844 | D:4      | 2844 ||| Stepping ~*~*~tactically~*~*~ (stealth).
  2854 | D:4      | HP: 9/37 [gnoll/+0 club (6)]
  2854 | D:4      | HP: 4/37 [gnoll/+0 spear (5)]
  2855 | D:4      | HP: 1/37 [gnoll/+0 spear (3)]
  2861 | D:4      | HP: 2/38 [scorpion (4)]
  2861 | D:4      | Slain by a scorpion

Levels and vault maps discovered:
D:1:      nicolae_arrival_washed_ashore, layout_basic,
          nicolae_concentric_dashed_squares_mild, minmay_misc_feat_doors,
          minmay_bisected
D:2:      layout_basic, chequers_ecumenical_altar_simple, minmay_small_reverse_x
D:3:      layout_basic
D:4:      layout_layer_cave

Skill      XL: |  1  2  3  4  5 |
---------------+----------------+-----
Axes           | 2 3 4 5 |  5.2
Dodging        | 1 |  1.3
Fighting       | |  3.7
Armour         | |  3.2
Shields        | |  3.2

Action                   |  1- 3 |  4- 6 || total
-------------------------+-------+-------++-------
Melee: War axe           |   122 |    97 ||   219
  Use: Scroll            |     3 |     6 ||     9
       Potion            |     1 |     1 ||     2
 Stab: Distracted        |       |     1 ||     1
Armor: Scale mail        |    77 |    18 ||    95
       Ring mail         |       |    20 ||    20
Dodge: Dodged            |    68 |    44 ||   112
Block: Buckler           |    26 |    25 ||    51

Table legend:
 A = Non-vault XP
 B = Vault XP
 C = Vault XP percentage of total XP
 D = Non-vault monster count
 E = Vault monster count
 F = Vault count percentage of total count
                 A         B        C        D         E       F
            +---------+---------+-------+---------+---------+-------
      Total |     362 |      11 |   2.9 |      70 |       7 |   9.1
            +---------+---------+-------+---------+---------+-------
        D:1 |      32 |       4 |  11.1 |      18 |       3 |  14.3
        D:2 |      61 |       7 |  10.3 |      24 |       4 |  14.3
        D:3 |      51 |       0 |   0.0 |      20 |       0 |   0.0
        D:4 |     218 |       0 |   0.0 |       8 |       0 |   0.0
            +---------+---------+-------+---------+---------+-------
